 Dungeon Crawl Stone Soup version 0.27-a0-448-gace5c5693b (webtiles) character file.

Game seed: 9004728641166806104

184 rageheart7 the Cudgeller (level 5, -5/43 HPs)
             Began as a Formicid Fighter on Feb 27, 2021.
             Killed by divine providence
             ... invoked by an orc priest
              (8 damage)
             ... on level 4 of the Dungeon.
             The game lasted 00:04:04 (3088 turns).

rageheart7 the Cudgeller (Formicid Fighter)         Turns: 3088, Time: 00:04:06

Health: -5/43      AC: 14    Str: 20    XL:     5   Next: 95%
Magic:  5/5        EV:  4    Int:  8    God:
Gold:   97         SH: 10    Dex: 11    Spells: 4/4 levels left

rFire    . . .     SeeInvis +   m - +1 flail (holy)
rCold    . . .     Faith    .   c - +1 kite shield
rNeg     . . .     Spirit   .   s - +0 plate armour
rPois    .         Reflect  .   (helmet unavailable)
rElec    .         Harm     .   (no cloak)
rCorr    .         Rampage  .   (no gloves)
Will     .....                  o - +2 pair of boots
Stlth    ..........             (no amulet)
HPRegen  0.14/turn              (no ring)
MPRegen  0.09/turn              (no ring)

@: no status effects
A: permanent stasis, dig shafts and tunnels, four strong arms, antennae 3
a: Dig, Shaft Self


You were on level 4 of the Dungeon.
You visited 1 branch of the dungeon, and saw 4 of its levels.

You collected 97 gold pieces.

Inventory:

Hand Weapons
 a - a +0 flail
 m - a +1 flail of holy wrath (weapon)
Armour
 c - a +1 kite shield (worn)
 h - a +0 ring mail
 o - a +2 pair of boots (worn)
 s - a +0 plate armour (worn)
Jewellery
 q - a ring of magical power
Wands
 l - a wand of acid (10)
Scrolls
 b - a scroll of enchant armour
 d - a scroll of amnesia {unknown}
 e - 2 scrolls of identify
 f - 2 scrolls of blinking
 i - 5 scrolls of teleportation
 k - a scroll of fog {unknown}
 p - a scroll of enchant weapon {unknown}
Potions
 g - 2 potions of flight
 n - a potion of magic {unknown}


   Skills:
 * Level 4.7 Fighting
 * Level 4.7 Maces & Flails
 - Level 3.2 Armour
 - Level 3.6 Shields


You had 4 spell levels left.
You didn't know any spells.
Your spell library was empty.

Dungeon Overview and Level Annotations

Branches:
Dungeon (4/15)
 Temple: D:4-7

Altars:
Wu Jian

Shops:
D:4 (=(


Innate Abilities, Weirdness & Mutations

You cannot be hasted, slowed, berserked, paralysed or teleported.
You can dig through walls and to a lower floor.
Your four strong arms can wield two-handed weapons with a shield.
You have a pair of large antennae on your head. (SInv)


Message History

The orc hits you but does no damage.
You sock the orc!
You kill the orc!
The orc priest invokes the aid of Beogh against you.
Beogh smites you! You block the orc's attack.
You are too injured to fight recklessly!
You are too injured to fight recklessly!
You are too injured to fight recklessly!
You are too injured to fight recklessly!
You are too injured to fight recklessly!
You are too injured to fight recklessly!
You are too injured to fight recklessly!
It was a potion of brilliance.
You feel clever all of a sudden. The orc hits you but does no damage.
You sock the orc priest!
The orc priest is heavily wounded.
The orc barely misses you. You block the orc priest's attack.
The orc priest looks encouraged for a moment.
An orc comes into view. It is wielding a +0 dagger.
You hit the orc priest.
The orc priest is almost dead.
The orc hits you but does no damage. You block the orc priest's attack.
You closely miss the orc priest.
The orc priest is almost dead.
The orc priest miscasts a cantrip.
The orc priest invokes the aid of Beogh against you.
Beogh smites you!
* * * LOW HITPOINT WARNING * * *
The orc hits you but does no damage. The orc priest completely misses you.
The orc barely misses you.
The orc priest begins to cast a cantrip, but forgets the words!
It was a potion of cancellation.
Your magical effects are unravelling.
You feel magically purged.
You feel a little less clever now. The orc hits you but does no damage.
The orc priest mumbles some strange prayers to Beogh against you.
Beogh smites you!
You die...

..#..#..... ..'........
..#.#..##.. ...
###...........# #..#
...........#..# #..#
###.#.####....# #..# #
###.#.# ###...##
#..#.### .......
.......##..#....
....#######...#.@.o..#
....#####<....###oo..#
###.#......<.....o.).#
....#.###.##..###......#
#####........># ####.#.#
........#.......# ∩..#
#######.####.##.# #...
......#.# #.# ... ..#
#####.#.# #.. .... .#


You could see 2 orc priests and 2 orcs.

Vanquished Creatures
  A hound (D:4)
  Terence (D:2)
  Robin (D:3)
  4 adders
  An ooze (D:1)
  An adder skeleton (D:4)
  2 worms (D:2)
  A dart slug (D:1)
  A leopard gecko (D:3)
  3 orcs
  A ball python (D:2)
  A giant cockroach (D:2)
  12 goblins
  15 hobgoblins
  2 quokkas (D:2)
  3 bats
  3 frilled lizards (D:1)
  4 kobolds
  3 rats
60 creatures vanquished.

Notes
Turn   | Place    | Note
-------+----------+-------------------------------------------
     0 | D:1      | rageheart7 the Formicid Fighter began the quest for the
                  | Orb.
     0 | D:1      | Reached XP level 1. HP: 18/18 MP: 1/1
   107 | D:1      | Reached XP level 2. HP: 25/25 MP: 2/2
   536 | D:1      | Reached XP level 3. HP: 15/30 MP: 3/3
  1403 | D:2      | Noticed Terence
  1411 | D:2      | Reached XP level 4. HP: 34/37 MP: 4/4
  1415 | D:2      | Killed Terence
  2068 | D:3      | Reached XP level 5. HP: 40/43 MP: 5/5
  2198 | D:3      | Noticed Robin
  2248 | D:3      | Killed Robin
  2860 | D:3      | Found an ornate altar of the Wu Jian Council.
  2943 | D:4      | Found Katimeosk's Jewellery Boutique.
  2960 | D:4      | Found Vikhlec's Weapon Emporium.
  3077 | D:4      | Found Ysuag's Antique Weapon Emporium.
  3085 | D:4      | HP: 2/43 [orc priest/divine providence (13)]
  3088 | D:4      | Killed from afar by an orc priest

Illustrated notes

Levels and vault maps discovered:
D:1:      saegor_arrival_simple_a, layout_rooms
D:2:      layout_loops_corners, kennysheep_doodads, uniq_terence
D:3:      layout_basic, nzn_wu_jian_council_hall, uniq_robin
D:4:      layout_basic, serial_shops, shop, nicolae_shop_crystal, shop_coins,
          shop

Skill      XL: |  1  2  3  4  5 |
---------------+----------------+-----
Fighting       | 4 |  4.7
Maces & Flails | 3 4 |  4.7
Armour         | |  3.2
Shields        | |  3.6

Action                   |  1- 3 |  4- 6 || total
-------------------------+-------+-------++-------
Melee: Flail             |   100 |   113 ||   213
  Use: Scroll            |     4 |       ||     4
       Potion            |       |     4 ||     4
Armor: Scale mail        |    16 |       ||    16
       Ring mail         |    27 |    34 ||    61
       Plate armour      |       |    16 ||    16
Dodge: Dodged            |    28 |    42 ||    70
Block: Kite shield       |    57 |    69 ||   126

Table legend: (Time is in decaauts)
 A = Elapsed time spent in this place.
 B = Non-inter-level travel time spent in this place.
 C = Inter-level travel time spent in this place.
 D = Time resting spent in this place.
 E = Time spent auto-exploring this place.
 F = Levels seen in this place.
 G = Mean time per level.
                   A        B        C        D        E       F      G
               +--------+--------+--------+--------+--------+-----+--------+
         Total |   3174 |   3125 |     49 |    146 |   2444 |   4 |  793.5 |
       Dungeon |   3174 |   3125 |     49 |    146 |   2444 |   4 |  793.5 |
               +--------+--------+--------+--------+--------+-----+--------+

Top non-repeatable levels by time:
     D:2: 1089 daAuts
     D:1: 1019 daAuts
     D:3: 906 daAuts
     D:4: 159 daAuts
